Lightning vs Stars

Created - December-05-14 at 18:11

Goals
1 2 3 OT1 SO T
Lightning 2 1 0 0 2 4
Stars 0 2 1 0 1 3
Shots
1 2 3 OT1 SO T
Lightning 7 7 8 1 6 23
Stars 11 17 16 1 6 45

1st period

1. Lightning , Curtis Glencross 9 (Brad Richards, Teddy Purcell) at 1:19
2. Lightning , Andrej Sekera 10 (Brent Seabrook) at 14:16 (PP)

Penalties :
Andy Greene (DAL) for High sticking (Double Minor) at 12:13, Eric Fehr (TBL) for Hooking (Minor) at 14:20, David Schlemko (TBL) for Unsportsmanlike conduct (Major / Game Misconduct) at 19:43

2nd period

3. Stars , Wayne Simmonds 5 (Jason Spezza, Andy Greene) at 2:32 (PP)
4. Stars , Zdeno Chara 12 (Shea Weber, Jarome Iginla) at 3:04 (PP)
5. Lightning , Brent Seabrook 6 (Brad Richards, Andrej Sekera) at 12:26 (PP)

Penalties :
Erik Gudbranson (TBL) for Goalie Interference (Minor) at 1:17, Jarret Stoll (DAL) for Holding (Minor) at 7:30, Evander Kane (DAL) for Slashing (Double Minor) at 10:26, Jarret Stoll (DAL) for High sticking (Minor) at 13:28, Jason Chimera (TBL) for Holding (Minor) at 16:35

3rd period

6. Stars , Shea Weber 12 (Tyler Seguin, Zdeno Chara) at 1:45 (PP)

Penalties :
Brent Seabrook (TBL) for High sticking (Minor) at 0:32, Scott Hannan (TBL) for Interference (Minor) at 1:17, Evander Kane (DAL) for Interference (Minor) at 7:32, Shea Weber (DAL) for Tripping (Minor) at 10:55, Jarret Stoll (DAL) for Roughing (Minor) at 13:09, Brenden Dillon (DAL) for Slashing (Minor) at 16:12

Overtime #1

No Goal

Penalties :
No Penalty

Shootout

Penalty Shot by Henrik Sedin for Lightning - Shot Misses the Net
Penalty Shot by Tyler Seguin for Stars - Shot Misses the Net
Penalty Shot by Cam Atkinson for Lightning - Stopped by Semyon Varlamov
Penalty Shot by Jason Spezza for Stars - Stopped by Jaroslav Halak
Penalty Shot by Brad Richards for Lightning - Goal!
Penalty Shot by Jarome Iginla for Stars - Goal!
Penalty Shot by Tomas Plekanec for Lightning - Stopped by Semyon Varlamov
Penalty Shot by Wayne Simmonds for Stars - Stopped by Jaroslav Halak
Penalty Shot by Curtis Glencross for Lightning - Stopped by Semyon Varlamov
Penalty Shot by Evander Kane for Stars - Shot Misses the Net
Penalty Shot by Patrick Kane for Lightning - Goal!
Penalty Shot by Shea Weber for Stars - Stopped by Jaroslav Halak

Penalties :
No Penalty

Goalie Stats

Jaroslav Halak (TBL), 42 saves from 45 shots - (0.933), W, 12-8-0, 65:00 minutes
Semyon Varlamov (DAL), 20 saves from 23 shots - (0.870), OTL, 10-9-2, 65:00 minutes

Players Stats for Lightning

Player Name              G  A  P  +/- PIM S  H  SB GA TA FO     MP     PP MP  PK MP  
------------------------------------------------------------------------------------
Andrej Meszaros          0  0  0   1  0   1  0  1  0  0  0/0    23:23   7:18   5:39 
Andrej Sekera            1  1  2   0  0   2  0  0  0  0  0/0    28:41   8:39   6:44 
Brad Richards            0  2  2   1  0   3  0  0  0  0  11/20  21:34   8:33   2:48 
Brent Seabrook           1  1  2   0  2   2  1  2  0  0  0/0    27:45   8:39   5:49 
Cam Atkinson             0  0  0   0  0   2  0  0  0  0  0/0    22:05   7:24   1:09 
Curtis Glencross         1  0  1   1  0   3  4  0  0  0  2/9    20:27   8:33   1:41 
David Schlemko           0  0  0   0  15  0  1  1  0  0  0/0     5:30   0:00   0:00 
Eric Fehr                0  0  0   0  2   0  0  0  0  0  0/0     3:15   0:00   0:00 
Erik Gudbranson          0  0  0   1  2   2  1  2  0  0  0/0    23:33   7:18   4:14 
Henrik Sedin             0  0  0   0  0   2  0  0  0  0  10/21  18:36   7:24   0:00 
Jason Chimera            0  0  0   0  2   0  1  0  0  0  0/0    11:17   0:00   2:17 
Luca Sbisa               0  0  0   0  0   1  1  0  0  0  0/0     8:07   0:00   0:00 
Maxim Lapierre           0  0  0   0  0   0  1  1  0  0  16/27  10:34   0:00   7:18 
Maxime Talbot            0  0  0   0  0   0  1  0  0  0  0/0    20:03   0:00   6:26 
Patrick Kane             0  0  0   0  0   3  0  1  0  0  0/2    20:56   7:24   0:00 
Scott Hannan             0  0  0   0  2   0  0  1  0  0  0/0    12:57   0:00   0:54 
Teddy Purcell            0  1  1   1  0   0  0  0  0  0  1/1    18:46   8:33   0:00 
Tomas Plekanec           0  0  0   0  0   2  1  0  0  0  3/5     9:01   0:00   0:00 

Players Stats for Stars

Player Name              G  A  P  +/- PIM S  H  SB GA TA FO     MP     PP MP  PK MP  
------------------------------------------------------------------------------------
Andy Greene              0  1  1   0  4   10 1  0  0  0  0/0    22:50   5:28   5:53 
Brandon Dubinsky         0  0  0  -1  0   0  1  0  0  0  12/16  20:29   0:16   9:58 
Brenden Dillon           0  0  0   0  2   1  1  0  0  0  0/0    14:01   0:00   1:39 
Dalton Prout             0  0  0   0  0   0  0  0  0  0  0/0     2:41   0:00   0:28 
Duncan Keith             0  0  0   0  0   6  0  0  0  0  0/0    23:54   5:28   6:56 
Evander Kane             0  0  0   0  6   1  5  0  0  0  0/1    23:37   5:26   8:08 
Jarome Iginla            0  1  1  -1  0   1  2  0  0  0  0/1    21:32   6:15   4:47 
Jarret Stoll             0  0  0   0  6   1  0  0  0  0  2/7    17:14   0:00   2:58 
Jason Spezza             0  1  1   0  0   2  1  0  0  0  14/24  17:59   5:26   0:00 
Mark Scheifele           0  0  0   0  0   0  0  0  0  0  0/3    13:39   0:00   5:11 
Milan Lucic              0  0  0   0  0   2  7  0  0  0  0/2    20:18   5:59   0:00 
Shea Weber               1  1  2  -1  2   6  1  1  0  0  0/0    25:25   6:13   7:57 
Sheldon Brookbank        0  0  0   0  0   0  0  0  0  0  0/0     3:20   0:00   0:52 
Travis Hamonic           0  0  0   0  0   0  1  0  0  0  0/0    12:23   0:00   0:00 
Tyler Seguin             0  1  1  -1  0   6  0  0  0  0  13/30  17:55   6:15   0:00 
Wayne Simmonds           1  0  1   0  0   4  2  1  0  0  0/0    15:31   5:26   0:00 
Zack Kassian             0  0  0   0  0   1  0  0  0  0  1/1     4:37   0:00   0:00 
Zdeno Chara              1  1  2  -1  0   4  0  1  0  0  0/0    26:30   6:13   9:01 

3 Stars

1 - Curtis Glencross (TBL)
2 - Andrej Sekera (TBL)
3 - Brent Seabrook (TBL)

Power Play

Lightning - 2 on 10 Attempt(s) - 20.00%
Stars - 3 on 7 Attempt(s) - 42.86%

Penalty Kill

Lightning - 4 on 7 Attempt(s) - 57.14% - Score 0 goal in Penalty Kill
Stars - 8 on 10 Attempt(s) - 80.00% - Score 0 goal in Penalty Kill

Official

Referees : Justin StPierre and Dan O'Rourke
Linesman : Brian Mach and Jonny Murray

Game Notes

David Schlemko ejected from game at 19:43 of 1st period

Finance

Level 1 -- Attendance: 5739 (95.65%) -- Ticket Income $585,378
Level 2 -- Attendance: 5000 (100.00%) -- Ticket Income $375,000
Level 3 -- Attendance: 2000 (100.00%) -- Ticket Income $110,000
Level 4 -- Attendance: 2237 (49.36%) -- Ticket Income $100,665
Luxury Box -- Attendance: 1000 (100.00%) -- Ticket Income $200,000
Game was played at the American Airlines Center
Total Attendance: 15976 (86.21%)
Total Ticket Income: $1,371,043
Other Income: $205,656
Total Income: $1,576,699

% Time on Ice - Lightning

Lines # - Real PCT - Wanted PCT - Time Play
Normal Forward
1 - 35% - 40% - 11:12
2 - 27% - 30% - 8:53
3 - 28% - 20% - 9:01
4 - 10% - 10% - 3:16
Normal Defense
1 - 33% - 40% - 10:39
2 - 24% - 30% - 7:48
3 - 36% - 20% - 11:32
4 - 7% - 10% - 2:23
PP Forward
1 - 46% - 60% - 7:24
2 - 54% - 40% - 8:33
PP Defense
1 - 54% - 60% - 8:39
2 - 46% - 40% - 7:18
PK Forward
1 - 73% - 60% - 7:18
2 - 27% - 40% - 2:40
PK Defense
1 - 59% - 60% - 5:51
2 - 41% - 40% - 4:07
PK3 Forward
1 - 92% - 60% - 1:35
2 - 8% - 40% - 0:08
PK3 Defense
1 - 51% - 60% - 0:53
2 - 49% - 40% - 0:50
44 Forward
1 - 73% - 60% - 3:40
2 - 27% - 40% - 1:20
44 Defense
1 - 53% - 60% - 2:39
2 - 47% - 40% - 2:21
Last Minute Offensive  - 0:00
Last Minute Defensive  - 0:00
Total
Forward - 65:00
Defense - 65:00

% Time on Ice - Stars

Lines # - Real PCT - Wanted PCT - Time Play
Normal Forward
1 - 28% - 36% - 9:12
2 - 31% - 32% - 10:05
3 - 26% - 22% - 8:28
4 - 14% - 10% - 4:37
Normal Defense
1 - 27% - 34% - 8:54
2 - 27% - 34% - 8:52
3 - 38% - 24% - 12:23
4 - 7% - 8% - 2:13
PP Forward
1 - 53% - 60% - 6:15
2 - 47% - 40% - 5:26
PP Defense
1 - 53% - 60% - 6:13
2 - 47% - 40% - 5:28
PK Forward
1 - 70% - 60% - 11:10
2 - 30% - 40% - 4:47
PK Defense
1 - 57% - 60% - 9:01
2 - 43% - 40% - 6:56
PK3 Forward
1 - 0% - 60%
2 - 0% - 40%
PK3 Defense
1 - 0% - 60%
2 - 0% - 40%
44 Forward
1 - 74% - 60% - 3:42
2 - 26% - 40% - 1:18
44 Defense
1 - 47% - 60% - 2:22
2 - 53% - 40% - 2:38
Last Minute Offensive  - 0:00
Last Minute Defensive  - 0:00
Total
Forward - 65:00
Defense - 65:00

Play by Play

1st period


0:01 of 1st period - Henrik Sedin wins face-off versus Tyler Seguin in neutral zone.
0:58 of 1st period - Shea Weber is hit by Curtis Glencross and loses puck.
1:17 of 1st period - Shot by Brad Richards.
1:17 of 1st period - Shot Misses the Net.
1:19 of 1st period - Shot by Curtis Glencross.
1:19 of 1st period - Goal by Curtis Glencross - Lightning : 1 - Stars : 0.
1:20 of 1st period - Jason Spezza wins face-off versus Tomas Plekanec in neutral zone.
1:37 of 1st period - Shot by Jason Spezza.
1:37 of 1st period - Shot Blocked by David Schlemko.
1:57 of 1st period - Shot by Wayne Simmonds.
1:57 of 1st period - Shot Misses the Net.
3:18 of 1st period - Shot by Jarome Iginla.
3:18 of 1st period - Shot Misses the Net.
3:43 of 1st period - Dalton Prout is hit by Curtis Glencross and loses puck.
4:54 of 1st period - Shot by Evander Kane.
4:54 of 1st period - Shot Misses the Net.
5:04 of 1st period - David Schlemko is hit by Milan Lucic.
5:05 of 1st period - Icing by David Schlemko.
5:06 of 1st period - Zack Kassian wins face-off versus Maxim Lapierre in Lightning zone.
5:46 of 1st period - Milan Lucic is hit by David Schlemko.
6:09 of 1st period - Icing by Luca Sbisa.
6:10 of 1st period - Henrik Sedin wins face-off versus Jason Spezza in Lightning zone.
6:10 of 1st period - Henrik Sedin is hit by Evander Kane.
6:18 of 1st period - Shot by Cam Atkinson.
6:18 of 1st period - Stopped by Semyon Varlamov without a rebound.
6:19 of 1st period - Jason Spezza wins face-off versus Brad Richards in Stars zone.
6:31 of 1st period - Off-side.
6:32 of 1st period - Henrik Sedin wins face-off versus Tyler Seguin in neutral zone.
7:58 of 1st period - Tomas Plekanec is hit by Milan Lucic and loses puck.
10:08 of 1st period - Shot by Tyler Seguin.
10:08 of 1st period - Shot Misses the Net.
10:46 of 1st period - Patrick Kane is hit by Travis Hamonic and loses puck.
11:08 of 1st period - Icing by Brent Seabrook.
11:09 of 1st period - Jason Spezza wins face-off versus Henrik Sedin in Lightning zone.
11:16 of 1st period - Shot by Andy Greene.
11:16 of 1st period - Shot Misses the Net.
11:18 of 1st period - Shot by Duncan Keith.
11:18 of 1st period - Stopped by Jaroslav Halak without a rebound.
11:19 of 1st period - Maxim Lapierre wins face-off versus Jason Spezza in Lightning zone.
11:19 of 1st period - Maxim Lapierre is hit by Wayne Simmonds.
11:30 of 1st period - Shot by Evander Kane.
11:30 of 1st period - Stopped by Jaroslav Halak without a rebound.
11:31 of 1st period - Tomas Plekanec wins face-off versus Tyler Seguin in Lightning zone.
11:58 of 1st period - Shot by Maxime Talbot.
11:58 of 1st period - Shot Misses the Net.
12:06 of 1st period - Shot by Tomas Plekanec.
12:06 of 1st period - Shot Misses the Net.
12:08 of 1st period - Shot by Tomas Plekanec.
12:08 of 1st period - Stopped by Semyon Varlamov with a rebound.
12:10 of 1st period - Shot by Erik Gudbranson.
12:10 of 1st period - Stopped by Semyon Varlamov with a rebound.
12:12 of 1st period - Shot by Tomas Plekanec.
12:12 of 1st period - Stopped by Semyon Varlamov without a rebound.
12:13 of 1st period - Henrik Sedin wins face-off versus Milan Lucic in Stars zone.
12:13 of 1st period - Double Minor Penalty to Andy Greene for High sticking.
12:14 of 1st period - Brandon Dubinsky wins face-off versus Henrik Sedin in Stars zone.
13:42 of 1st period - Icing by Curtis Glencross.
13:43 of 1st period - Brad Richards wins face-off versus Mark Scheifele in Lightning zone.
14:14 of 1st period - Shot by Andrej Sekera.
14:14 of 1st period - Shot Misses the Net.
14:16 of 1st period - Shot by Andrej Sekera.
14:16 of 1st period - Goal by Andrej Sekera - Lightning : 2 - Stars : 0.
14:17 of 1st period - Maxim Lapierre wins face-off versus Jarret Stoll in neutral zone.
14:20 of 1st period - Minor Penalty to Eric Fehr for Hooking.
14:21 of 1st period - Maxim Lapierre wins face-off versus Jarome Iginla in Lightning zone.
14:32 of 1st period - Maxim Lapierre is hit by Milan Lucic and loses puck.
14:43 of 1st period - Shot by Milan Lucic.
14:43 of 1st period - Stopped by Jaroslav Halak without a rebound.
14:44 of 1st period - Maxim Lapierre wins face-off versus Jason Spezza in Lightning zone.
15:18 of 1st period - Shot by Shea Weber.
15:18 of 1st period - Stopped by Jaroslav Halak without a rebound.
15:19 of 1st period - Tyler Seguin wins face-off versus Maxim Lapierre in Lightning zone.
15:22 of 1st period - Shot by Duncan Keith.
15:22 of 1st period - Shot Hit the Post.
15:24 of 1st period - Shot by Andy Greene.
15:24 of 1st period - Stopped by Jaroslav Halak with a rebound.
15:26 of 1st period - Shot by Duncan Keith.
15:26 of 1st period - Stopped by Jaroslav Halak with a rebound.
15:28 of 1st period - Shot by Tyler Seguin.
15:28 of 1st period - Stopped by Jaroslav Halak with a rebound.
15:30 of 1st period - Shot by Tyler Seguin.
15:30 of 1st period - Shot Misses the Net.
15:32 of 1st period - Shot by Andy Greene.
15:32 of 1st period - Stopped by Jaroslav Halak with a rebound.
15:34 of 1st period - Shot by Tyler Seguin.
15:34 of 1st period - Stopped by Jaroslav Halak with a rebound.
15:36 of 1st period - Shot by Milan Lucic.
15:36 of 1st period - Shot Misses the Net.
15:38 of 1st period - Shot by Duncan Keith.
15:38 of 1st period - Shot Blocked by Brent Seabrook.
15:40 of 1st period - Shot by Duncan Keith.
15:40 of 1st period - Shot Misses the Net.
15:48 of 1st period - Shot by Andy Greene.
15:48 of 1st period - Stopped by Jaroslav Halak without a rebound.
15:49 of 1st period - Brad Richards wins face-off versus Jason Spezza in Lightning zone.
16:35 of 1st period - Shot by Patrick Kane.
16:35 of 1st period - Stopped by Semyon Varlamov with a rebound.
16:37 of 1st period - Shot by Scott Hannan.
16:37 of 1st period - Shot Misses the Net.
16:45 of 1st period - Shot by Cam Atkinson.
16:45 of 1st period - Shot Misses the Net.
17:40 of 1st period - Milan Lucic is hit by Curtis Glencross and loses puck.
18:10 of 1st period - Icing by Brenden Dillon.
18:11 of 1st period - Maxim Lapierre wins face-off versus Jarret Stoll in Stars zone.
18:22 of 1st period - Shot by Eric Fehr.
18:22 of 1st period - Shot Misses the Net.
18:24 of 1st period - Shot by Maxim Lapierre.
18:24 of 1st period - Shot Misses the Net.
19:35 of 1st period - Icing by Patrick Kane.
19:36 of 1st period - Henrik Sedin wins face-off versus Tyler Seguin in Lightning zone.
19:36 of 1st period - Scott Hannan is hit by Brandon Dubinsky and loses puck.
19:41 of 1st period - Shot by Tyler Seguin.
19:41 of 1st period - Shot Misses the Net.
19:43 of 1st period - Shot by Shea Weber.
19:43 of 1st period - Stopped by Jaroslav Halak without a rebound.
19:43 of 1st period - Major / Game Misconduct Penalty to David Schlemko for Unsportsmanlike conduct.
19:43 of 1st period - David Schlemko is ejected from game.
19:44 of 1st period - Maxim Lapierre wins face-off versus Tyler Seguin in Lightning zone.
19:50 of 1st period - Icing by Shea Weber.
19:51 of 1st period - Tyler Seguin wins face-off versus Maxim Lapierre in Stars zone.
Goals for this period are 2 for Lightning vs 0 for Stars.
Shots for this period are 7 for Lightning vs 11 for Stars.

2nd period


0:01 of 2nd period - Tyler Seguin wins face-off versus Maxim Lapierre in neutral zone.
0:22 of 2nd period - Shot by Tyler Seguin.
0:22 of 2nd period - Stopped by Jaroslav Halak without a rebound.
0:23 of 2nd period - Jason Spezza wins face-off versus Maxim Lapierre in Lightning zone.
1:02 of 2nd period - Shot by Andy Greene.
1:02 of 2nd period - Stopped by Jaroslav Halak with a rebound.
1:06 of 2nd period - Shot by Wayne Simmonds.
1:06 of 2nd period - Shot Misses the Net.
1:08 of 2nd period - Shot by Duncan Keith.
1:08 of 2nd period - Stopped by Jaroslav Halak with a rebound.
1:10 of 2nd period - Shot by Andy Greene.
1:10 of 2nd period - Stopped by Jaroslav Halak without a rebound.
1:11 of 2nd period - Tyler Seguin wins face-off versus Brad Richards in Lightning zone.
1:17 of 2nd period - Minor Penalty to Erik Gudbranson for Goalie Interference.
1:18 of 2nd period - Curtis Glencross wins face-off versus Tyler Seguin in Lightning zone.
1:48 of 2nd period - Off-side.
1:49 of 2nd period - Jason Spezza wins face-off versus Curtis Glencross in neutral zone.
1:52 of 2nd period - Shot by Duncan Keith.
1:52 of 2nd period - Shot Misses the Net.
2:14 of 2nd period - Shot by Andy Greene.
2:14 of 2nd period - Shot Misses the Net.
2:32 of 2nd period - Shot by Jason Spezza.
2:32 of 2nd period - Deflect By Wayne Simmonds.
2:32 of 2nd period - Goal by Wayne Simmonds - Lightning : 2 - Stars : 1.
2:33 of 2nd period - Maxim Lapierre wins face-off versus Tyler Seguin in neutral zone.
3:04 of 2nd period - Shot by Zdeno Chara.
3:04 of 2nd period - Goal by Zdeno Chara - Lightning : 2 - Stars : 2.
3:05 of 2nd period - Jason Spezza wins face-off versus Maxim Lapierre in neutral zone.
3:14 of 2nd period - Shot by Duncan Keith.
3:14 of 2nd period - Shot Blocked by Andrej Meszaros.
3:16 of 2nd period - Shot by Andy Greene.
3:16 of 2nd period - Stopped by Jaroslav Halak without a rebound.
3:17 of 2nd period - Brad Richards wins face-off versus Tyler Seguin in Lightning zone.
4:28 of 2nd period - Shot by Wayne Simmonds.
4:28 of 2nd period - Stopped by Jaroslav Halak without a rebound.
4:29 of 2nd period - Jason Spezza wins face-off versus Maxim Lapierre in Lightning zone.
4:38 of 2nd period - Shot by Jason Spezza.
4:38 of 2nd period - Stopped by Jaroslav Halak with a rebound.
4:40 of 2nd period - Shot by Wayne Simmonds.
4:40 of 2nd period - Stopped by Jaroslav Halak without a rebound.
4:41 of 2nd period - Tyler Seguin wins face-off versus Maxim Lapierre in Lightning zone.
5:17 of 2nd period - Shot by Cam Atkinson.
5:17 of 2nd period - Deflect By Patrick Kane.
5:17 of 2nd period - Stopped by Semyon Varlamov without a rebound.
5:18 of 2nd period - Brad Richards wins face-off versus Tyler Seguin in Stars zone.
5:31 of 2nd period - Shot by Zdeno Chara.
5:31 of 2nd period - Stopped by Jaroslav Halak without a rebound.
5:32 of 2nd period - Jason Spezza wins face-off versus Tomas Plekanec in Lightning zone.
5:43 of 2nd period - Shot by Evander Kane.
5:43 of 2nd period - Shot Misses the Net.
7:30 of 2nd period - Minor Penalty to Jarret Stoll for Holding.
7:31 of 2nd period - Brad Richards wins face-off versus Mark Scheifele in Stars zone.
7:54 of 2nd period - Shot by Brad Richards.
7:54 of 2nd period - Stopped by Semyon Varlamov with a rebound.
7:56 of 2nd period - Shot by Brent Seabrook.
7:56 of 2nd period - Shot Misses the Net.
7:58 of 2nd period - Shot by Brad Richards.
7:58 of 2nd period - Stopped by Semyon Varlamov without a rebound.
7:59 of 2nd period - Brad Richards wins face-off versus Mark Scheifele in Stars zone.
8:04 of 2nd period - Shot by Andrej Meszaros.
8:04 of 2nd period - Shot Misses the Net.
8:06 of 2nd period - Shot by Erik Gudbranson.
8:06 of 2nd period - Shot Blocked by Zdeno Chara.
8:08 of 2nd period - Shot by Erik Gudbranson.
8:08 of 2nd period - Stopped by Semyon Varlamov with a rebound.
8:10 of 2nd period - Shot by Curtis Glencross.
8:10 of 2nd period - Stopped by Semyon Varlamov without a rebound.
8:11 of 2nd period - Brandon Dubinsky wins face-off versus Henrik Sedin in Stars zone.
8:30 of 2nd period - Shot by Henrik Sedin.
8:30 of 2nd period - Shot Misses the Net.
8:32 of 2nd period - Shot by Andrej Sekera.
8:32 of 2nd period - Shot Misses the Net.
9:32 of 2nd period - Brenden Dillon is hit by Tomas Plekanec and loses puck.
9:38 of 2nd period - Icing by Milan Lucic.
9:39 of 2nd period - Tomas Plekanec wins face-off versus Jarret Stoll in Stars zone.
9:48 of 2nd period - Shot by Brenden Dillon.
9:48 of 2nd period - Stopped by Jaroslav Halak with a rebound.
10:11 of 2nd period - Shot by Zack Kassian.
10:11 of 2nd period - Stopped by Jaroslav Halak without a rebound.
10:12 of 2nd period - Jason Spezza wins face-off versus Henrik Sedin in Lightning zone.
10:26 of 2nd period - Double Minor Penalty to Evander Kane for Slashing.
10:27 of 2nd period - Brandon Dubinsky wins face-off versus Brad Richards in Stars zone.
10:36 of 2nd period - Shot by Brad Richards.
10:36 of 2nd period - Shot Misses the Net.
12:26 of 2nd period - Shot by Brent Seabrook.
12:26 of 2nd period - Goal by Brent Seabrook - Lightning : 3 - Stars : 2.
12:27 of 2nd period - Tomas Plekanec wins face-off versus Jason Spezza in neutral zone.
12:45 of 2nd period - Luca Sbisa is hit by Evander Kane and loses puck.
13:00 of 2nd period - Shot by Scott Hannan.
13:00 of 2nd period - Shot Misses the Net.
13:02 of 2nd period - Shot by Luca Sbisa.
13:02 of 2nd period - Stopped by Semyon Varlamov without a rebound.
13:03 of 2nd period - Jarret Stoll wins face-off versus Henrik Sedin in Stars zone.
13:10 of 2nd period - Andrej Meszaros is hit by Milan Lucic and loses puck.
13:21 of 2nd period - Shot by Andy Greene.
13:21 of 2nd period - Shot Blocked by Erik Gudbranson.
13:23 of 2nd period - Shot by Andy Greene.
13:23 of 2nd period - Shot Misses the Net.
13:28 of 2nd period - Minor Penalty to Jarret Stoll for High sticking.
13:29 of 2nd period - Brandon Dubinsky wins face-off versus Curtis Glencross in Stars zone.
13:41 of 2nd period - Off-side.
13:42 of 2nd period - Brandon Dubinsky wins face-off versus Henrik Sedin in neutral zone.
14:57 of 2nd period - Shot by Curtis Glencross.
14:57 of 2nd period - Shot Misses the Net.
15:35 of 2nd period - Shot by Maxime Talbot.
15:35 of 2nd period - Shot Misses the Net.
15:56 of 2nd period - Andy Greene is hit by Luca Sbisa.
16:12 of 2nd period - Andy Greene is hit by Maxime Talbot.
16:27 of 2nd period - Tomas Plekanec is hit by Jarome Iginla and loses puck.
16:35 of 2nd period - Minor Penalty to Jason Chimera for Holding.
16:36 of 2nd period - Maxim Lapierre wins face-off versus Jason Spezza in Lightning zone.
16:36 of 2nd period - Maxim Lapierre is hit by Evander Kane.
16:55 of 2nd period - Shot by Wayne Simmonds.
16:55 of 2nd period - Stopped by Jaroslav Halak without a rebound.
16:56 of 2nd period - Maxim Lapierre wins face-off versus Milan Lucic in Lightning zone.
17:09 of 2nd period - Shot by Duncan Keith.
17:09 of 2nd period - Shot Misses the Net.
17:11 of 2nd period - Shot by Andy Greene.
17:11 of 2nd period - Shot Blocked by Maxim Lapierre.
17:15 of 2nd period - Shot by Andy Greene.
17:15 of 2nd period - Stopped by Jaroslav Halak without a rebound.
17:16 of 2nd period - Jason Spezza wins face-off versus Maxim Lapierre in Lightning zone.
17:35 of 2nd period - Shot by Shea Weber.
17:35 of 2nd period - Stopped by Jaroslav Halak with a rebound.
17:37 of 2nd period - Shot by Jason Spezza.
17:37 of 2nd period - Shot Blocked by Erik Gudbranson.
17:47 of 2nd period - Shot by Shea Weber.
17:47 of 2nd period - Stopped by Jaroslav Halak without a rebound.
17:48 of 2nd period - Tyler Seguin wins face-off versus Brad Richards in Lightning zone.
18:08 of 2nd period - Icing by Duncan Keith.
18:09 of 2nd period - Maxim Lapierre wins face-off versus Tyler Seguin in Stars zone.
18:09 of 2nd period - Maxim Lapierre is hit by Andy Greene.
18:46 of 2nd period - Icing by Brent Seabrook.
18:47 of 2nd period - Brad Richards wins face-off versus Jason Spezza in Lightning zone.
18:49 of 2nd period - Andrej Sekera is hit by Evander Kane and loses puck.
18:55 of 2nd period - Brent Seabrook is hit by Wayne Simmonds and loses puck.
19:30 of 2nd period - Andrej Sekera is hit by Shea Weber and loses puck.
Goals for this period are 1 for Lightning vs 2 for Stars.
Shots for this period are 7 for Lightning vs 17 for Stars.

3rd period


0:01 of 3rd period - Tyler Seguin wins face-off versus Henrik Sedin in neutral zone.
0:04 of 3rd period - Shot by Shea Weber.
0:04 of 3rd period - Shot Misses the Net.
0:06 of 3rd period - Shot by Tyler Seguin.
0:06 of 3rd period - Stopped by Jaroslav Halak without a rebound.
0:07 of 3rd period - Henrik Sedin wins face-off versus Tyler Seguin in Lightning zone.
0:19 of 3rd period - Zdeno Chara is hit by Brent Seabrook and loses puck.
0:30 of 3rd period - Shot by Tyler Seguin.
0:30 of 3rd period - Shot Blocked by Brent Seabrook.
0:32 of 3rd period - Shot by Jarome Iginla.
0:32 of 3rd period - Stopped by Jaroslav Halak without a rebound.
0:32 of 3rd period - Minor Penalty to Brent Seabrook for High sticking.
0:33 of 3rd period - Maxim Lapierre wins face-off versus Jason Spezza in Lightning zone.
0:55 of 3rd period - Shot by Duncan Keith.
0:55 of 3rd period - Stopped by Jaroslav Halak with a rebound.
0:57 of 3rd period - Shot by Andy Greene.
0:57 of 3rd period - Stopped by Jaroslav Halak without a rebound.
0:58 of 3rd period - Maxim Lapierre wins face-off versus Tyler Seguin in Lightning zone.
0:58 of 3rd period - Maxim Lapierre is hit by Milan Lucic.
1:17 of 3rd period - Minor Penalty to Scott Hannan for Interference.
1:18 of 3rd period - Jason Spezza wins face-off versus Curtis Glencross in Lightning zone.
1:23 of 3rd period - Shot by Jason Spezza.
1:23 of 3rd period - Shot Misses the Net.
1:25 of 3rd period - Shot by Duncan Keith.
1:25 of 3rd period - Stopped by Jaroslav Halak without a rebound.
1:26 of 3rd period - Tyler Seguin wins face-off versus Curtis Glencross in Lightning zone.
1:27 of 3rd period - Shot by Shea Weber.
1:27 of 3rd period - Stopped by Jaroslav Halak without a rebound.
1:28 of 3rd period - Curtis Glencross wins face-off versus Tyler Seguin in Lightning zone.
1:45 of 3rd period - Shot by Shea Weber.
1:45 of 3rd period - Goal by Shea Weber - Lightning : 3 - Stars : 3.
1:46 of 3rd period - Jason Spezza wins face-off versus Maxim Lapierre in neutral zone.
2:05 of 3rd period - Shot by Duncan Keith.
2:05 of 3rd period - Shot Misses the Net.
2:13 of 3rd period - Shot by Andy Greene.
2:13 of 3rd period - Stopped by Jaroslav Halak without a rebound.
2:14 of 3rd period - Maxim Lapierre wins face-off versus Tyler Seguin in Lightning zone.
2:14 of 3rd period - Maxim Lapierre is hit by Jarome Iginla.
2:21 of 3rd period - Icing by Jarome Iginla.
2:22 of 3rd period - Tyler Seguin wins face-off versus Maxim Lapierre in Stars zone.
2:36 of 3rd period - Shot by Milan Lucic.
2:36 of 3rd period - Shot Misses the Net.
2:38 of 3rd period - Shot by Zdeno Chara.
2:38 of 3rd period - Stopped by Jaroslav Halak without a rebound.
2:39 of 3rd period - Jason Spezza wins face-off versus Brad Richards in Lightning zone.
2:40 of 3rd period - Shot by Andy Greene.
2:40 of 3rd period - Stopped by Jaroslav Halak without a rebound.
2:41 of 3rd period - Maxim Lapierre wins face-off versus Tyler Seguin in Lightning zone.
3:11 of 3rd period - Shot by Zdeno Chara.
3:11 of 3rd period - Stopped by Jaroslav Halak without a rebound.
3:12 of 3rd period - Maxim Lapierre wins face-off versus Jason Spezza in Lightning zone.
3:54 of 3rd period - Shot by Patrick Kane.
3:54 of 3rd period - Deflect By Henrik Sedin.
3:54 of 3rd period - Shot Blocked by Wayne Simmonds.
3:56 of 3rd period - Shot by Patrick Kane.
3:56 of 3rd period - Stopped by Semyon Varlamov without a rebound.
3:57 of 3rd period - Brad Richards wins face-off versus Tyler Seguin in Stars zone.
4:04 of 3rd period - Shot by Brad Richards.
4:04 of 3rd period - Shot Misses the Net.
4:06 of 3rd period - Shot by Brad Richards.
4:06 of 3rd period - Stopped by Semyon Varlamov without a rebound.
4:07 of 3rd period - Brad Richards wins face-off versus Tyler Seguin in Stars zone.
6:26 of 3rd period - Shot by Jarret Stoll.
6:26 of 3rd period - Stopped by Jaroslav Halak without a rebound.
6:27 of 3rd period - Maxim Lapierre wins face-off versus Jarret Stoll in Lightning zone.
6:27 of 3rd period - Maxim Lapierre is hit by Milan Lucic.
6:32 of 3rd period - Eric Fehr is hit by Milan Lucic and loses puck.
6:39 of 3rd period - Shot by Milan Lucic.
6:39 of 3rd period - Stopped by Jaroslav Halak without a rebound.
6:40 of 3rd period - Tyler Seguin wins face-off versus Brad Richards in Lightning zone.
7:13 of 3rd period - Shot by Duncan Keith.
7:13 of 3rd period - Shot Misses the Net.
7:15 of 3rd period - Shot by Andy Greene.
7:15 of 3rd period - Shot Misses the Net.
7:17 of 3rd period - Shot by Tyler Seguin.
7:17 of 3rd period - Stopped by Jaroslav Halak without a rebound.
7:18 of 3rd period - Jason Spezza wins face-off versus Henrik Sedin in Lightning zone.
7:23 of 3rd period - Shot by Jason Spezza.
7:23 of 3rd period - Stopped by Jaroslav Halak without a rebound.
7:24 of 3rd period - Henrik Sedin wins face-off versus Jason Spezza in Lightning zone.
7:24 of 3rd period - Henrik Sedin is hit by Evander Kane.
7:32 of 3rd period - Minor Penalty to Evander Kane for Interference.
7:33 of 3rd period - Brandon Dubinsky wins face-off versus Henrik Sedin in Stars zone.
8:18 of 3rd period - Shot by Patrick Kane.
8:18 of 3rd period - Deflect By Henrik Sedin.
8:18 of 3rd period - Stopped by Semyon Varlamov without a rebound.
8:19 of 3rd period - Brad Richards wins face-off versus Brandon Dubinsky in Stars zone.
8:39 of 3rd period - Icing by Brad Richards.
8:40 of 3rd period - Brandon Dubinsky wins face-off versus Brad Richards in Lightning zone.
9:14 of 3rd period - Shot by Sheldon Brookbank.
9:14 of 3rd period - Shot Misses the Net.
9:16 of 3rd period - Shot by Duncan Keith.
9:16 of 3rd period - Stopped by Jaroslav Halak without a rebound.
9:17 of 3rd period - Henrik Sedin wins face-off versus Brandon Dubinsky in Lightning zone.
10:34 of 3rd period - Icing by Zdeno Chara.
10:35 of 3rd period - Henrik Sedin wins face-off versus Jarret Stoll in Stars zone.
10:48 of 3rd period - Shot by Milan Lucic.
10:48 of 3rd period - Shot Misses the Net.
10:55 of 3rd period - Minor Penalty to Shea Weber for Tripping.
10:56 of 3rd period - Brandon Dubinsky wins face-off versus Brad Richards in Stars zone.
12:17 of 3rd period - Shot by Andrej Sekera.
12:17 of 3rd period - Shot Misses the Net.
12:19 of 3rd period - Shot by Henrik Sedin.
12:19 of 3rd period - Stopped by Semyon Varlamov without a rebound.
12:20 of 3rd period - Brandon Dubinsky wins face-off versus Curtis Glencross in Stars zone.
12:32 of 3rd period - Icing by Andrej Sekera.
12:33 of 3rd period - Teddy Purcell wins face-off versus Evander Kane in Lightning zone.
13:09 of 3rd period - Minor Penalty to Jarret Stoll for Roughing.
13:10 of 3rd period - Brandon Dubinsky wins face-off versus Henrik Sedin in Stars zone.
14:11 of 3rd period - Shot by Mark Scheifele.
14:11 of 3rd period - Shot Misses the Net.
15:03 of 3rd period - Shot by Andrej Meszaros.
15:03 of 3rd period - Stopped by Semyon Varlamov without a rebound.
15:04 of 3rd period - Brad Richards wins face-off versus Brandon Dubinsky in Stars zone.
15:25 of 3rd period - Brenden Dillon is hit by Jason Chimera and loses puck.
15:40 of 3rd period - Shot by Milan Lucic.
15:40 of 3rd period - Shot Blocked by Scott Hannan.
16:11 of 3rd period - Curtis Glencross is hit by Brenden Dillon and loses puck.
16:12 of 3rd period - Minor Penalty to Brenden Dillon for Slashing.
16:13 of 3rd period - Brandon Dubinsky wins face-off versus Henrik Sedin in Stars zone.
16:40 of 3rd period - Shot by Cam Atkinson.
16:40 of 3rd period - Shot Blocked by Shea Weber.
16:42 of 3rd period - Shot by Cam Atkinson.
16:42 of 3rd period - Stopped by Semyon Varlamov without a rebound.
16:43 of 3rd period - Brandon Dubinsky wins face-off versus Curtis Glencross in Stars zone.
17:01 of 3rd period - Shot by Brad Richards.
17:01 of 3rd period - Shot Misses the Net.
18:00 of 3rd period - Shot by Andrej Sekera.
18:00 of 3rd period - Shot Misses the Net.
18:02 of 3rd period - Shot by Andrej Sekera.
18:02 of 3rd period - Stopped by Semyon Varlamov with a rebound.
18:04 of 3rd period - Shot by Brent Seabrook.
18:04 of 3rd period - Stopped by Semyon Varlamov without a rebound.
18:05 of 3rd period - Henrik Sedin wins face-off versus Brandon Dubinsky in Stars zone.
18:18 of 3rd period - Travis Hamonic is hit by Maxim Lapierre and loses puck.
18:43 of 3rd period - Icing by Brenden Dillon.
18:44 of 3rd period - Jarret Stoll wins face-off versus Brad Richards in Stars zone.
18:44 of 3rd period - Jarret Stoll is hit by Curtis Glencross.
Goals for this period are 0 for Lightning vs 1 for Stars.
Shots for this period are 8 for Lightning vs 16 for Stars.

Overtime #1


0:01 of 1st overtime period - Tyler Seguin wins face-off versus Patrick Kane in neutral zone.
0:32 of 1st overtime period - Shot by Jason Spezza.
0:32 of 1st overtime period - Shot Blocked by Patrick Kane.
0:34 of 1st overtime period - Shot by Zdeno Chara.
0:34 of 1st overtime period - Shot Misses the Net.
0:44 of 1st overtime period - Shot by Tyler Seguin.
0:44 of 1st overtime period - Stopped by Jaroslav Halak without a rebound.
0:45 of 1st overtime period - Tyler Seguin wins face-off versus Patrick Kane in Lightning zone.
1:12 of 1st overtime period - Shot by Andy Greene.
1:12 of 1st overtime period - Shot Misses the Net.
2:49 of 1st overtime period - Shot by Curtis Glencross.
2:49 of 1st overtime period - Stopped by Semyon Varlamov without a rebound.
2:50 of 1st overtime period - Tyler Seguin wins face-off versus Curtis Glencross in Stars zone.
3:17 of 1st overtime period - Brent Seabrook is hit by Jason Spezza and loses puck.
3:59 of 1st overtime period - Milan Lucic is hit by Erik Gudbranson and loses puck.
Goals for this period are 0 for Lightning vs 0 for Stars.
Shots for this period are 1 for Lightning vs 1 for Stars.

ShootOut


5:00 of 1st overtime period - Penalty Shot by Henrik Sedin for Lightning.
5:00 of 1st overtime period - Shot Misses the Net.
5:00 of 1st overtime period - Penalty Shot by Tyler Seguin for Stars.
5:00 of 1st overtime period - Shot Misses the Net.
5:00 of 1st overtime period - Penalty Shot by Cam Atkinson for Lightning.
5:00 of 1st overtime period - Stopped by Semyon Varlamov.
5:00 of 1st overtime period - Penalty Shot by Jason Spezza for Stars.
5:00 of 1st overtime period - Stopped by Jaroslav Halak.
5:00 of 1st overtime period - Penalty Shot by Brad Richards for Lightning.
5:00 of 1st overtime period - Goal by Brad Richards.
5:00 of 1st overtime period - Penalty Shot by Jarome Iginla for Stars.
5:00 of 1st overtime period - Goal by Jarome Iginla.
5:00 of 1st overtime period - Penalty Shot by Tomas Plekanec for Lightning.
5:00 of 1st overtime period - Stopped by Semyon Varlamov.
5:00 of 1st overtime period - Penalty Shot by Wayne Simmonds for Stars.
5:00 of 1st overtime period - Stopped by Jaroslav Halak.
5:00 of 1st overtime period - Penalty Shot by Curtis Glencross for Lightning.
5:00 of 1st overtime period - Stopped by Semyon Varlamov.
5:00 of 1st overtime period - Penalty Shot by Evander Kane for Stars.
5:00 of 1st overtime period - Shot Misses the Net.
5:00 of 1st overtime period - Penalty Shot by Patrick Kane for Lightning.
5:00 of 1st overtime period - Goal by Patrick Kane.
5:00 of 1st overtime period - Penalty Shot by Shea Weber for Stars.
5:00 of 1st overtime period - Stopped by Jaroslav Halak.


Output by the SimonT Hockey Simulator (STHS) for Stephane Roy -- Original Page W3C XHTML 1.0 Valid
Hockey Simulator - Hockey Simulation - Hockey Manager